cohdb
Replays
Latest Replays
All Replays
Popular Replays
Top Player Replays
Match Explorer
How It Works
Community
CoH3 Stats
Reddit
Sign in to upload your games and track your stats! →
Sign in with Steam
Match 45615511
Unlisted
Match 45615511
Overview
Messages
Build Orders
End
Construct Section Command Post
Infantry Section
Infantry Section
Infantry Section
Grenade Package
Construct Field Infirmary
Construct Platoon Command Post
6-pounder Anti-tank Gun Team
Vickers Machine Gun Team
Unlock Bishop Self-propelled Artillery
Bishop Self-propelled Artillery
Vickers Machine Gun Team
Selects Heavy Armor Battlegroup
Selects Rigorous Vehicle Training
Vickers Machine Gun Team
Construct Company Command Post
Selects Light Vehicle Withdraw and Refit
Selects UNKNOWN (202330)
Selects Recon Artillery
Crusader AA Medium Tank
Recon Artillery
6-pounder Anti-tank Gun Team
Selects Forward Repair Assembly
Hydra7-1
[WLF] WhiteWolf
T.R. Olvadi
Makros
0
0
Comments
sign in to comment!
No comments posted yet!